 Dungeon Crawl Stone Soup version 0.28-a0-1447-ga5a8893891 (webtiles) character file.

Game seed: 10220576068644321012

55 murtidash the Magician (level 4, -2/31 HPs)
             Began as a Djinni Ice Elementalist on Jan 12, 2022.
             Killed from afar by a white imp (9 damage)
             ... with a puff of frost
             ... on level 3 of the Dungeon.
             The game lasted 00:01:48 (2299 turns).

murtidash the Magician (Djinni Ice Elementalist)    Turns: 2299, Time: 00:01:48

Health: -2/31      AC:  2    Str:  7    XL:     4   Next: 14%
Gold:   48         EV: 12    Int: 19    God:
                   SH:  0    Dex: 13

rFire   + + .      SeeInvis .   i - +0 short sword
rCold   x . .      Faith    .   (no shield)
rNeg    . . .      Spirit   .   a - +0 robe
rPois   ∞          Reflect  .   (no helmet)
rElec   .          Harm     .   (no cloak)
rCorr   .          Rampage  .   (no gloves)
Will    +....                   (boots unavailable)
Stlth   ++........              (no amulet)
HPRegen 0.10/turn               c - ring of willpower
MPRegen 0.00/turn               (no ring)

@: flying
A: sickness immunity, fire resistance 2, cold vulnerability 1, float, innate
caster, hp casting, extra vitality 1
a: no special abilities


You were on level 3 of the Dungeon.
You visited 1 branch of the dungeon, and saw 3 of its levels.

You collected 48 gold pieces.

Inventory:

Hand Weapons
 i - a +0 short sword (weapon)
   (You took it off a kobold on level 3 of the Dungeon)
Armour
 a - a +0 robe (worn)
Jewellery
 c - a ring of willpower (left hand)
   (You found it on level 1 of the Dungeon)
Scrolls
 b - 7 scrolls of identify {unknown}
 d - a scroll of enchant armour {unknown}
 e - a scroll of immolation {unknown}
 f - a scroll of teleportation {unknown}
 g - a scroll of amnesia {unknown}
 h - a scroll of silence {unknown}


   Skills:
 - Level 2.9 Dodging
 - Level 2.2 Stealth
 * Level 3.8 Spellcasting


You couldn't memorise any spells.
You knew the following spells:

 Your Spells              Type           Power      Damage    Failure   Level
a - Frozen Ramparts       Ice            36%        1d5       9%          3
A - Ozocubu's Armour      Ice            18%        N/A       9%          3
U - Shock                 Conj/Air       72%        1d7       3%          1
X - Hailstorm             Conj/Ice       18%        3d6       28%         4
Z - Freeze                Ice            72%        1d9       3%          1
Your spell library was empty.

Dungeon Overview and Level Annotations

Branches:
Dungeon (3/15)

Altars:


Innate Abilities, Weirdness & Mutations

You are immune to sickness and miasma.
You are immune to poison.
Your flesh is very heat resistant. (rF++)
You are vulnerable to cold. (rC-)
You float through the air rather than walking.
You learn spells naturally, not from books.
Your magical power is your life essence.
You have superior vitality. (+4 MHP)


Message History

You feel clever.
You regained 3 hp, and now have 17/31 hp.
Things that are here:
a bat corpse; a frilled lizard corpse; Health restored: 31
b - 7 scrolls labelled RUGEZO WIMEO (gained 1)
Things that are here:
a bat corpse; a frilled lizard corpse
Found a stone staircase leading down.
You reach down and open the door.
There is an open door here.
You reach down and open the door.
There is an open door here.
You reach down and open the door.
There is an open door here.
You reach down and open the door.
There is an open door here.
You see here a +0 club.
You reach down and open the door.
There is an open door here.
Done exploring.
Done exploring.
Done exploring.
Done exploring.
There is an open door here.
You see here a +0 club.
There is an open door here.
There is an escape hatch in the floor here.
You fly downwards.
The hatch slams shut behind you.
Found a stone staircase leading up.
A kobold comes into view. It is wielding a +0 short sword.
A goblin comes into view. It is wielding a +0 dagger.
The kobold shouts!
The goblin shouts!
You hear a shout!
The kobold hits you with a +0 short sword.
You take 1 damage, and have 30/31 hp.
Aim: a kobold, wielding a +0 short sword and quivering stones You freeze the kobold.
The kobold closely misses you.
You take 1 damage, and have 29/31 hp.
Aim: a kobold, wielding a +0 short sword and quivering stones (moderately wounded)
You freeze the kobold.
You kill the kobold!
A hobgoblin comes into view.
You take 1 damage, and have 28/31 hp.
Aim: a goblin, wielding a +0 dagger You freeze the goblin.
You kill the goblin!
You take 1 damage, and have 27/31 hp.
You can't see any susceptible monsters within range! (Use Z to cast anyway.)
You can't see any susceptible monsters within range! (Use Z to cast anyway.)
A hobgoblin is nearby!
Things that are here:
a +0 short sword; 4 stones; a kobold corpse You hit the hobgoblin but do no damage.
Aim: a hobgoblin You freeze the hobgoblin.
You kill the hobgoblin!
You take 1 damage, and have 27/31 hp.
You can't see any susceptible monsters within range! (Use Z to cast anyway.)
You can't see any susceptible monsters within range! (Use Z to cast anyway.)
Found a stone staircase leading down.
Health restored: 31 Sorry, you're not good enough to have a special ability.
Things that are here:
a +0 short sword; 4 stones; a kobold corpse
i - a +0 short sword
i - a +0 short sword (weapon)
A white imp comes into view.
Found an escape hatch in the ceiling.
The white imp shouts!
You can't see any susceptible monsters within range! (Use Z to cast anyway.)
The white imp picks up a beetle and eats it.
Aim: a white imp You freeze the white imp.
The white imp resists.
The white imp hits you. The white imp freezes you.
You feel a terrible chill!
You take 8 damage, and have 23/31 hp.
MASSIVE DAMAGE!!
Aim: a white imp (lightly wounded)
You miscast Freeze.
You are very lightly contaminated with residual magic.
Nothing appears to happen.
The white imp spits at you.
The white imp hits you but does no damage.
You take 1 damage, and have 22/31 hp.
Aim: a white imp (lightly wounded)
You freeze the white imp.
The white imp resists.
The white imp hits you. The white imp freezes you.
You feel a terrible chill!
You take 7 damage, and have 15/31 hp.
MASSIVE DAMAGE!!
Aim: a white imp (moderately wounded)
You freeze the white imp but do no damage.
The white imp completely resists.
The white imp barely misses you.
You take 1 damage, and have 14/31 hp.
You don't know that spell.
Unknown command.
Aim: a white imp (lightly wounded, 71% to hit)
The zap hits the white imp.
The white imp hits you. The white imp freezes you.
You feel a terrible chill!
* * * LOW HITPOINT WARNING * * *
You take 8 damage, and have 6/31 hp.
MASSIVE DAMAGE!!
Your magical contamination has completely faded away.
The white imp gestures at you. The puff of frost hits you!
You feel a terrible chill!
You die...

#..................#
#...................
#............###.#.>
#............###.#
#######.#........#
#5#........#
#.#...()...#######
#.#...............
#@########.######.
#..........# #.
############ #.
#.###############.
#.................
#.#########.....#.
#.########.....<#.
#...............#.
#################.


You could see a white imp.

Vanquished Creatures
  2 adders (D:2)
  4 dart slugs
  An endoplasm (D:2)
  A giant cockroach (D:1)
  6 hobgoblins
  3 quokkas
  2 ball pythons (D:1)
  2 bats
  6 frilled lizards
  A goblin (D:3)
  2 kobolds
30 creatures vanquished.

Notes
Turn   | Place    | Note
-------+----------+-------------------------------------------
     0 | D:1      | murtidash the Djinni Ice Elementalist began the quest for
                  | the Orb.
     0 | D:1      | Reached XP level 1. HP: 15/15 MP: 0/0
   359 | D:1      | Reached XP level 2. HP: 13/21 MP: 0/0
   685 | D:1      | Reached skill level 2 in Stealth
  1073 | D:2      | Found a faded altar of an unknown god.
  1102 | D:2      | Reached XP level 3. HP: 23/25 MP: 0/0
  1102 | D:2      | Learned a level 1 spell: Shock
  1782 | D:2      | Reached XP level 4. HP: 17/31 MP: 0/0
  2292 | D:3      | HP: 6/31 [white imp (6)]
  2299 | D:3      | Killed from afar by a white imp

Illustrated notes

Levels and vault maps discovered:
D:1:      evilmike_arrival_fibonacci_small, layout_basic
D:2:      layout_loops_corners, shapermc_ecumenical_altar_notcrosses
D:3:      wad_river_or_something, layout_basic

Skill      XL: |  1  2 |
---------------+-------+-----
Stealth        | 2 |  2.2
Dodging        | |  2.9
Spellcasting   | |  3.8

Action                   |  1- 3 |  4- 6 || total
-------------------------+-------+-------++-------
Melee: Unarmed           |     7 |     1 ||     8
 Cast: Freeze            |    46 |     7 ||    53
       Shock             |       |     1 ||     1
Armor: Robe              |     5 |     1 ||     6
Dodge: Dodged            |    22 |     2 ||    24

Table legend: (Time is in decaauts)
 A = Elapsed time spent in this place.
 B = Non-inter-level travel time spent in this place.
 C = Inter-level travel time spent in this place.
 D = Time resting spent in this place.
 E = Time spent auto-exploring this place.
 F = Levels seen in this place.
 G = Mean time per level.
                   A        B        C        D        E       F      G
               +--------+--------+--------+--------+--------+-----+--------+
         Total |   2297 |   2234 |     63 |      0 |   2027 |   3 |  765.7 |
       Dungeon |   2297 |   2234 |     63 |      0 |   2027 |   3 |  765.7 |
               +--------+--------+--------+--------+--------+-----+--------+

Top non-repeatable levels by time:
     D:2: 1151 daAuts
     D:1: 1010 daAuts
     D:3: 135 daAuts

Table legend:
 A = Kills in this place as a percentage of kills in entire the game.
 B = Kills by you in this place as a percentage of kills by you in the entire game.
 C = Kills by friends in this place as a percentage of kills by friends in the entire game.
 D = Other kills in this place as a percentage of other kills in the entire game.
 E = Experience gained in this place as a percentage of experience gained in the entire game.
 F = Experience gained in this place divided by the number of levels of this place that you have seen.
                   A       B       C       D       E      F
               +-------+-------+-------+-------+-------+----------------------
         Total | 100.0 | 100.0 |   N/A |   N/A | 100.0 |  26.3
       Dungeon | 100.0 | 100.0 |   N/A |   N/A | 100.0 |  26.3
               +-------+-------+-------+-------+-------+----------------------
